 Dungeon Crawl Stone Soup version 0.30-a0-297-g0ec75d9ef4 (webtiles) character file.

Game seed: 8049500786149413054

67 Caerun the Conjurer (level 4, -5/27 HPs)
             Began as an Octopode Conjurer on Oct 18, 2022.
             Killed by divine providence
             ... invoked by an orc priest
              (10 damage)
             ... on level 3 of the Dungeon.
             The game lasted 00:03:23 (2058 turns).

Caerun the Conjurer (Octopode Conjurer)             Turns: 2058, Time: 00:03:23

Health: -5/27      AC:  1    Str:  6    XL:     4   Next: 18%
Magic:  1/7        EV: 13    Int: 22    God:
Gold:   61         SH:  0    Dex: 10    Spells: 7/8 levels left

rFire   . . .      SeeInvis .    (no weapon)
rCold   . . .      Faith    .    (no shield)
rNeg    . . .      Spirit   .    (helmet restricted)
rPois   .          Reflect  .    (no amulet)
rElec   .          Harm     .    (no ring)
rCorr   .          Rampage  .    (no ring)
Will    .....                    (no ring)
Stlth   +++.......               (no ring)
HPRegen 0.24/turn                (no ring)
MPRegen 0.10/turn                (no ring)
                                 (no ring)
                                 (no ring)

@: no status effects
A: almost no armour, amphibious, 8 rings, camouflage 1, gelatinous body 1,
(nimble swimmer 1), tentacles
a: no special abilities


You were on level 3 of the Dungeon.
You visited 1 branch of the dungeon, and saw 3 of its levels.

You collected 61 gold pieces.

Inventory:

Magical Staves
 g - a staff of cold
Scrolls
 b - a scroll of torment {unknown}
 c - 4 scrolls of teleportation
 d - 2 scrolls of identify {unknown}
 h - a scroll of silence {unknown}
 i - a scroll of poison {unknown}
 l - a scroll of brand weapon {unknown}
 n - a scroll of enchant armour {unknown}
Potions
 a - a potion of magic
 e - 2 potions of lignification {unknown}
 f - a potion of heal wounds {unknown}
 j - 3 potions of curing {unknown}
 k - 2 potions of might {unknown}
 m - a potion of invisibility {unknown}
 o - a potion of flight {unknown}


   Skills:
 + Level 2.1 Dodging
 + Level 3.3 Stealth
 + Level 2.6 Spellcasting
 + Level 4.9 Conjurations


You had 7 spell levels left.
You knew the following spells:

 Your Spells              Type           Power      Damage    Failure   Level
a - Magic Dart            Conj           96%        1d7       1%          1

Your spell library contained the following spells:

 Spells                   Type           Power      Damage    Failure   Level
 Searing Ray              Conj           48%        2d6       2%          2
 Dazzling Flash           Conj/Hex       26%        N/A       14%         3
 Inner Flame              Hex/Fire       2%         N/A       36%         3
 Fulminant Prism          Conj/Hex       6%         3d7       43%         4
 Iskenderun's Mystic Bla  Conj/Tloc      13%        2d5       43%         4
 Cause Fear               Hex            1%         N/A       78%         4
 Discord                  Hex            1%         N/A       100%        8


Dungeon Overview and Level Annotations

Branches:
Dungeon (3/15)

Altars:
Elyvilon
Makhleb


Innate Abilities, Weirdness & Mutations

You cannot wear most types of armour.
You are amphibious.
You can wear up to eight rings at the same time.
Your skin changes colour to match your surroundings (Stealth+).
Your rubbery body absorbs attacks. (AC +1, EV +1)
((You are camouflaged when in or above water. (Stealth+)))
You have tentacles for arms and can constrict up to eight enemies at once.


Message History

Aiming: Magic Dart (safe; 1% risk of failure)
Press: ? - help, Shift-Dir - straight line, f - orc priest
Aim: an orc priest, wielding a +0 club (100% to hit)
The magic dart hits the orc priest but does no damage.
Casting: Magic Dart (safe; 1% risk of failure)
Confirm with . or Enter, or press ? or * to list all spells.
Aiming: Magic Dart (safe; 1% risk of failure)
Press: ? - help, Shift-Dir - straight line, f/p - orc priest
Aim: an orc priest, wielding a +0 club (100% to hit)
The magic dart hits the orc priest.
The orc priest is lightly wounded.
Casting: Magic Dart (safe; 1% risk of failure)
Confirm with . or Enter, or press ? or * to list all spells.
Aiming: Magic Dart (safe; 1% risk of failure)
Press: ? - help, Shift-Dir - straight line, f/p - orc priest
Aim: an orc priest, wielding a +0 club (lightly wounded, 100% to hit)
The magic dart hits the orc priest but does no damage.
The orc priest is lightly wounded.
The orc priest closely misses you.
Casting: Magic Dart (safe; 1% risk of failure)
Confirm with . or Enter, or press ? or * to list all spells.
You don't have enough magic to cast this spell.
Unknown command.
Casting: Magic Dart (safe; 1% risk of failure)
Confirm with . or Enter, or press ? or * to list all spells.
Okay, then.
You tentacle-slap the orc priest. Your grab misses the orc priest.
You squeeze the orc priest!
The orc priest is severely wounded.
The orc priest misses you.
You tentacle-slap the orc priest but do no damage.
Your grab misses the orc priest.
The orc priest is severely wounded.
The orc priest hits you with a +0 club.
* * * LOW HITPOINT WARNING * * *
You barely miss the orc priest. Your grab misses the orc priest.
The orc priest is severely wounded.
The orc priest mumbles some strange prayers to Beogh against you.
Beogh smites you!
You die...

#.# ...# #.# ...# #.# ..#
#.# # ..# #.# #.## #.# #.#
#..# #.# #.# ##.## #.###.#
#.#####8.8####......
#oo@........######.#
#######o###.#8.8#.....##.#
#.......# #.##.##...<.....
♣.♣#♣#♣o# #.....<.###.####
#.... #.# ###.#.### #.#
♣....o♣)# #...#####.#
#....oo.# ##........#
♣.....♣## #..#######
#..... #..#


You could see 2 orc priests and an orc.

Vanquished Creatures
  3 adders (D:2)
  2 orcs (D:3)
  5 ball pythons
  4 endoplasms
  2 giant cockroaches
  4 goblins
  A hobgoblin (D:2)
  3 quokkas
  4 bats
  3 frilled lizards
  2 kobolds
  6 rats
39 creatures vanquished.

Vanquished Creatures (others)
  5 plants (D:3)
5 creatures vanquished.

Grand Total: 44 creatures vanquished

Notes
Turn   | Place    | Note
-------+----------+-------------------------------------------
     0 | D:1      | Caerun the Octopode Conjurer began the quest for the Orb.
     0 | D:1      | Reached XP level 1. HP: 11/11 MP: 3/3
   202 | D:1      | Reached XP level 2. HP: 17/17 MP: 1/5
   817 | D:2      | Reached XP level 3. HP: 21/21 MP: 3/6
  1476 | D:2      | Reached XP level 4. HP: 14/27 MP: 0/7
  1753 | D:3      | Found a burning altar of Makhleb.
  1779 | D:3      | Found a white marble altar of Elyvilon.
  2058 | D:3      | Killed from afar by an orc priest

Illustrated notes

Levels and vault maps discovered:
D:1:      minmay_arrival_checkered_box, layout_basic, minmay_tromino_v7
D:2:      layout_basic
D:3:      layout_loops_ring, lemuel_doored_altar, elyvilon_altar_1,
          serial_forest, infiniplex_forest_lined_room_2,
          infiniplex_forest_clump_small, infiniplex_forest_clump_long,
          infiniplex_forest_clump_curved, infiniplex_forest_straight_4,
          infiniplex_forest_zigzag_2, infiniplex_forest_straight_1,
          infiniplex_forest_clump_curved, infiniplex_forest_clump_double,
          infiniplex_forest_clump_long, small_statue_intersection, dk_vineyard_1

Skill      XL: |  1  2 |
---------------+-------+-----
Stealth        | 3 |  3.3
Dodging        | |  2.1
Spellcasting   | |  2.6
Conjurations   | |  4.9

Action                   |  1- 3 |  4- 6 || total
-------------------------+-------+-------++-------
Melee: Unarmed           |     1 |     6 ||     7
       Tentacles         |     1 |     4 ||     5
       Constrict         |       |     1 ||     1
 Cast: Magic Dart        |    56 |    20 ||    76
  Use: Scroll            |       |     1 ||     1
Dodge: Dodged            |     5 |     8 ||    13

Table legend: (Time is in decaauts)
 A = Elapsed time spent in this place.
 B = Non-inter-level travel time spent in this place.
 C = Inter-level travel time spent in this place.
 D = Time resting spent in this place.
 E = Time spent auto-exploring this place.
 F = Levels seen in this place.
 G = Mean time per level.
                   A        B        C        D        E       F      G
               +--------+--------+--------+--------+--------+-----+--------+
         Total |   2057 |   2044 |     13 |      0 |   1831 |   3 |  685.7 |
       Dungeon |   2057 |   2044 |     13 |      0 |   1831 |   3 |  685.7 |
               +--------+--------+--------+--------+--------+-----+--------+

Top non-repeatable levels by time:
     D:2: 828 daAuts
     D:1: 760 daAuts
     D:3: 468 daAuts
